 Dungeon Crawl Stone Soup version 0.29.1-2-gbd0b4ee654 (webtiles) character file.

Game seed: 11421819224188883294

1624 nshep25 the Cleaver (level 8, -2/69 HPs)
             Began as a Minotaur Fighter on Nov 7, 2022.
             Was an Initiate of Gozag.
             Slain by a killer bee (7 damage)
             ... on level 8 of the Dungeon.
             The game lasted 00:15:17 (6824 turns).

nshep25 the Cleaver (Minotaur Fighter)              Turns: 6824, Time: 00:15:19

Health: -2/69      AC: 17    Str: 23    XL:     8   Next: 65%
Magic:  7/7        EV:  6    Int:  5    God:    Gozag
Gold:   450        SH:  5    Dex: 10    Spells: 7/7 levels left

rFire   + . .      SeeInvis .   a - +0 war axe
rCold   + . .      Faith    .   c - +0 buckler
rNeg    . . .      Spirit   .   l - +0 plate armour
rPois   .          Reflect  .   (helmet restricted)
rElec   .          Harm     .   j - scarf {rC+ rF+}
rCorr   .          Rampage  .   (no gloves)
Will    +....                   (no boots)
Stlth   ..........              (no amulet)
HPRegen 0.21/turn               r - ring of willpower
MPRegen 0.10/turn               n - +4 ring of protection

@: lethally poisoned (-2 -> -12)
A: horns 2, retaliatory headbutt
a: Renounce Religion, Potion Petition, Call Merchant, Bribe Branch


You were on level 8 of the Dungeon.
You worshipped Gozag.
Gozag was aware of your devotion.
You visited 2 branches of the dungeon, and saw 9 of its levels.

You collected 497 gold pieces.
You paid 47 gold pieces to Gozag.

Inventory:

Hand Weapons
 a - a +0 war axe (weapon)
Armour
 b - a +0 scale mail
 c - a +0 buckler (worn)
 j - a scarf of resistance (worn)
 l - a +0 plate armour (worn)
Jewellery
 e - a ring of ice
 k - a ring of resist corrosion
 n - a +4 ring of protection (right hand)
 r - a ring of willpower (left hand)
 x - a +4 ring of evasion
Wands
 f - a wand of paralysis (8)
 w - a wand of polymorph (6)
Scrolls
 s - 2 scrolls of butterflies
Potions
 d - a potion of might
 g - a potion of magic
 i - 2 potions of haste
 m - a potion of mutation
 o - a potion of invisibility
 q - a potion of resistance
 t - a potion of curing {unknown}
 u - a potion of cancellation {unknown}


   Skills:
 + Level 5.6 Fighting
 + Level 9.6 Axes
 + Level 1.6 Throwing
 + Level 7.2 Armour
 + Level 1.0 Dodging
 + Level 0.4 Stealth
 + Level 5.8 Shields


You had 7 spell levels left.
You didn't know any spells.
Your spell library was empty.

Dungeon Overview and Level Annotations

Branches:
Dungeon (8/15)             Temple (1/1) D:5
   Lair: D:8-11

Altars:
Cheibriados
Dithmenos
Elyvilon
Fedhas
Gozag
Hepliaklqana
Kikubaaqudgha
Makhleb
Qazlal
Ru
Sif Muna
Trog
Uskayaw
Vehumet
Xom
Yredelemnul
Zin

Shops:
D:1 [   D:5 *=


Innate Abilities, Weirdness & Mutations

You have a pair of horns on your head.
You reflexively headbutt those who attack you in melee.


Message History

You miss the killer bee.
The killer bee is heavily wounded.
The killer bee stings you but does no damage.
The killer bee stings you!
* * * LOW HITPOINT WARNING * * *
You are lethally poisoned!
The killer bee poisons you!
You feel much better.
You feel sick. The killer bee closely misses you. The killer bee stings you.
You are more poisoned.
The killer bee poisons you!
As you read the scroll of teleportation, it crumbles to dust.
You feel strangely unstable.
You feel very sick. You block the killer bee's attack.
The killer bee stings you but does no damage.
Found a wand of polymorph (2).
You feel sick.
The killer bee stings you but does no damage.
You see here a +0 ring mail.
Your surroundings suddenly seem different.
Found a glowing scarf and a cloak.
You feel sick.
The killer bee buzzes angrily.
You feel sick.
You feel sick. You block the killer bee's attack. x2
You see here a scarf of repulsion.
You slash the killer bee! Your headbutt misses the killer bee.
The killer bee is severely wounded.
You feel sick. The killer bee stings you.
* * * LOW HITPOINT WARNING * * *
You are lethally poisoned!
The killer bee poisons you! The killer bee stings you.
* * * LOW HITPOINT WARNING * * *
You miss the killer bee. Your headbutt misses the killer bee.
The killer bee is severely wounded.
* * * LOW HITPOINT WARNING * * *
You feel very sick.
The killer bee stings you but does no damage. x2
The killer bee stings you!
You die...
Your body crumbles into a pile of gold.

.. .. # .. #.##.#
##.#..### . .....
#.#...#
.####.#.#.#####.
.[....y@........ $
. .##.............
.. ##............#
........##..####..
#.........## #
##...#..####
#......K# ...##y##
.. #.y#


You could see a killer bee.

Vanquished Creatures
  A sky beast (D:7)
  A water moccasin (D:7)
  A black bear (D:6)
  An ice beast (D:7)
  A centaur (D:7)
  2 kobold brigands
  2 bullfrogs (D:6)
  2 scorpions
  2 killer bees (D:8)
  4 howler monkeys
  A hound (D:5)
  A jelly (D:6)
  2 orc priests (D:7)
  Jessica (D:2)
  An orc wizard (D:7)
  5 iguanas
  8 gnolls
  6 adders
  2 white imps
  2 ufetubi (D:5)
  3 worms
  3 dart slugs
  7 orcs
  2 ball pythons
  9 endoplasms
  6 giant cockroaches
  7 goblins
  5 hobgoblins
  14 kobolds
  2 quokkas (D:2)
  6 bats
  2 frilled lizards
  A rat (D:1)
113 creatures vanquished.

Vanquished Creatures (others)
  3 fungi (D:2)
  4 plants (D:2)
7 creatures vanquished.

Grand Total: 120 creatures vanquished

Notes
Turn   | Place    | Note
-------+----------+-------------------------------------------
     0 | D:1      | nshep25 the Minotaur Fighter began the quest for the Orb.
     0 | D:1      | Reached XP level 1. HP: 19/19 MP: 0/0
   169 | D:1      | Reached XP level 2. HP: 23/27 MP: 1/1
   415 | D:1      | Found Coyveq's Armour Boutique.
   834 | D:2      | Noticed Jessica
   840 | D:2      | Killed Jessica
   841 | D:2      | Reached skill level 3 in Axes
   841 | D:2      | Reached XP level 3. HP: 33/33 MP: 2/2
  1034 | D:2      | Reached XP level 4. HP: 36/40 MP: 3/3
  1217 | D:2      | Found a faded altar of an unknown god.
  2475 | D:3      | Reached XP level 5. HP: 46/46 MP: 4/4
  2814 | D:3      | Found a stormy altar of Qazlal.
  2820 | D:3      | Found a snail-covered altar of Cheibriados.
  2821 | D:3      | Found a bloodstained altar of Trog.
  2822 | D:3      | Found an ancient bone altar of Kikubaaqudgha.
  2825 | D:3      | Found a blossoming altar of Fedhas.
  2827 | D:3      | Found a radiant altar of Vehumet.
  2829 | D:3      | Found a hide-covered altar of Uskayaw.
  3696 | D:4      | Reached skill level 4 in Axes
  4123 | D:5      | Entered Level 5 of the Dungeon
  4149 | D:5      | Found Zaudathre's Jewellery Shoppe.
  4165 | D:5      | Found a staircase to the Ecumenical Temple.
  4170 | D:5      | Reached skill level 1 in Throwing
  4170 | D:5      | Reached skill level 5 in Armour
  4181 | Temple   | Entered the Ecumenical Temple
  4364 | Temple   | Became a worshipper of Gozag Ym Sagoz the Greedy
  4477 | D:5      | Reached XP level 6. HP: 34/53 MP: 5/5
  4803 | D:5      | Found Beheamn's Gadget Gallery.
  5018 | D:5      | Reached skill level 5 in Axes
  5310 | D:6      | Reached skill level 5 in Shields
  5333 | D:6      | Reached XP level 7. HP: 43/60 MP: 6/6
  5353 | D:6      | Reached skill level 6 in Axes
  5911 | D:7      | Reached skill level 7 in Axes
  5926 | D:7      | Reached XP level 8. HP: 43/67 MP: 7/7
  5934 | D:7      | Reached skill level 5 in Fighting
  6094 | D:7      | Reached skill level 8 in Axes
  6116 | D:7      | Reached skill level 1 in Dodging
  6489 | D:7      | Found a burning altar of Makhleb.
  6780 | D:8      | Reached skill level 9 in Axes
  6824 | D:8      | Slain by a killer bee

Illustrated notes

Levels and vault maps discovered:
D:1:      lightli_arrival_maybe_door_vault, layout_loops_ring, serial_shops,
          shop, minmay_misc_feat_square, nrook_mini_backslash,
          minmay_misc_feat_tower
D:2:      layout_basic, dreamdust_ecumenical_altar_grove, uniq_jessica
D:3:      layout_loops_corners, nicolae_overflow_hallway_of_the_gods,
          bh_walls_and_bars
D:4:      layout_loops_corners, minivault_24, feat_on_display
D:5:      layout_cave_pods, minmay_temple_entry_slanted, serial_shops,
          nicolae_shop_advertising_works [nicolae_subvault_shop_adworks],
          nicolae_shop_gadgets
D:6:      layout_rooms, nicolae_concentric_dashed_squares_wild
D:7:      layout_basic, bloody_makhleb
D:8:      layout_rooms, mainiacjoe_overflow_catwalk, lair_entry_dummy
Temple:   nicolae_temple_bog_church

Skill      XL: |  1  2  3  4  5  6  7  8 |
---------------+-------------------------+-----
Shields        | 4 5 |  5.8
Fighting       | 4 5 |  5.6
Axes           | 3 4 5 7 9 |  9.6
Armour         | 4 5 6 7 |  7.2
Throwing       | 1 |  1.6
Dodging        | 1 |  1.0
Stealth        | |  0.4

Action                   |  1- 3 |  4- 6 |  7- 9 || total
-------------------------+-------+-------+-------++-------
Melee: War axe           |    50 |   110 |   118 ||   278
       Headbutt          |     6 |    16 |    22 ||    44
Throw: Boomerang         |       |    21 |       ||    21
  Use: Scroll            |       |    15 |     4 ||    19
       Potion            |       |       |     2 ||     2
 Stab: Distracted        |       |       |     1 ||     1
Armor: Scale mail        |    26 |    28 |       ||    54
       Plate armour      |       |    52 |    96 ||   148
Dodge: Dodged            |    29 |    50 |    30 ||   109
Block: Buckler           |    18 |    32 |    31 ||    81
